Map: Emerald City LE

Players

folke - Winner!

  • Race: Zerg Zerg
  • Spawn Location: 5:00

StaticShock - Winner!

  • Race: Zerg Zerg
  • Spawn Location: 5:00

qqq

  • Race: Zerg Zerg
  • Spawn Location: 11:00

Massa

  • Race: Terran Terran
  • League: Platinum
  • Spawn Location: 11:00

VOD

Have the link to the VOD?

Description

Time

  • Played on: Feb. 22, 2021, 3:09 p.m.
  • Length: 25:13
Show
View Real Time Build Order
Export as new Build Order

folke Zerg - Winner!

Build Orders: Hatch First 

Get SALT Encoding   

  12  0:00  Drone  
  13  0:12  Overlord  
  13  0:17  Drone  
  14  0:30  Drone  
  14  0:31  Drone  
  16  0:37  Drone  
  17  0:56  Drone  
  18  0:57  Hatchery  
  18  1:03  Extractor  
  16  1:14  Spawning Pool  
  16  1:17  Drone  
  16  1:18  Drone  
  16  1:23  Drone  
  18  1:29  Drone  
  19  1:48  Drone  
  20  2:00  Queen  
  22  2:09  Metabolic Boost  
  22  2:11  Drone, Queen  
  22  2:13  Overlord  
  25  2:19  Drone x2  
  25  2:22  Drone  
  28  2:27  Overlord  
  28  2:36  Drone  
  29  2:46  Queen  
  29  2:49  Drone  
  32  2:57  Drone  
  33  2:59  Drone  
  33  3:00  Drone x2  
  33  3:04  Zergling x2  
  37  3:11  Zergling x2  
  37  3:12  Zergling x4  
  40  3:23  Zergling x4  
  42  3:31  Overlord x2  
  42  3:37  Overlord x2  
  42  3:38  Baneling Nest  
  41  3:49  Evolution Chamber  
  41  3:50  Drone x3, Evolution Chamber  
  41  3:51  Drone  
  41  3:53  Drone x2  
  43  4:14  Drone  
  43  4:15  Drone x2  
  46  4:18  Hatchery  
  41  4:32  Lair  
  41  4:36  Zerg Ground Armor Level 1  
  41  4:37  Extractor  
  40  4:47  Zergling x2  
  40  4:48  Zergling x10  
  46  4:53  Drone x3  
  46  4:58  Drone  
  50  5:01  Zerg Melee Weapons Level 1  
  50  5:12  Drone  
  50  5:13  Drone x6  
  53  5:25  Zergling x8  
  55  5:35  Zergling x6  
  56  5:39  Queen  
  56  5:41  Zergling x2  
  59  5:48  Zergling x4  
  61  5:58  Centrifical Hooks  
  61  6:00  Drone  
  61  6:03  Extractor  
  61  6:04  Drone x2  
  62  6:05  Extractor  
  62  6:07  Overlord x4  
  62  6:13  Hatchery, Spore Crawler  
  62  6:14  Spore Crawler  
  62  6:18  Spire  
  58  6:20  Spore Crawler  
  58  6:23  Spore Crawler  
  58  6:24  Spore Crawler  
  58  6:25  Drone x2  
  57  6:42  Drone x2  
  57  6:44  Drone x5  
  57  6:45  Drone, Overlord  
  57  6:46  Overlord  
  65  7:01  Spire  
  64  7:19  Drone x4  
  64  7:20  Drone x2  
  58  7:26  Baneling x2  
  58  7:27  Baneling x2  
  58  7:30  Zerg Ground Armor Level 2  
  58  7:32  Zergling x8  
  58  7:33  Zergling x12  
  58  7:34  Zergling x2  
  59  7:46  Zergling x10  
  59  7:47  Zergling x2  
  58  8:14  Drone  
  58  8:15  Drone x2, Corruptor x4  
  58  8:16  Corruptor  
  71  8:22  Drone x2  
  73  8:28  Drone x2  
  73  8:29  Drone  
  73  8:32  Corruptor  
  78  8:37  Corruptor  
  80  8:49  Drone x3  
  80  8:53  Drone  
  80  8:54  Drone x7  
  91  8:58  Zerg Flyer Armor Level 1  
  83  9:19  Corruptor x3  
  83  9:20  Corruptor x2  
  91  9:24  Extractor  
  91  9:25  Drone x2, Queen  
  91  9:29  Corruptor  
  94  9:33  Corruptor  
  94  9:36  Zerg Melee Weapons Level 2  
  96  9:41  Zergling x2  
  96  9:42  Zergling x10  
  102  9:51  Corruptor x2  
  106  10:05  Drone x5  
  111  10:11  Drone x4  
  111  10:12  Drone x2, Extractor  
  116  10:14  Spore Crawler  
  116  10:15  Corruptor x2  
  116  10:17  Spore Crawler  
  116  10:21  Drone  
  119  10:22  Drone x4  
  119  10:23  Drone  
  119  10:26  Baneling  
  119  10:27  Baneling x8  
  124  10:32  Drone  
  124  10:34  Extractor  
  124  10:36  Extractor  
  123  10:43  Drone x2  
  123  10:44  Drone x2  
  127  10:50  Spine Crawler  
  126  11:03  Zergling x4  
  128  11:06  Overlord x3  
  128  11:07  Overlord x4  
  128  11:23  Overlord x4  
  127  11:43  Zergling x2  
  127  11:44  Zergling x28  
  142  11:52  Zerg Flyer Armor Level 2  
  140  11:59  Zergling x2  
  140  12:00  Zergling x10  
  140  12:26  Zerg Missile Weapons Level 1, Infestation Pit  
  131  12:33  Drone x2  
  131  12:34  Drone  
  134  12:38  Spine Crawler  
  131  12:45  Zergling x24  
  143  13:11  Zergling x2  
  143  13:12  Zergling x20  
  154  13:14  Baneling  
  154  13:15  Baneling x17  
  154  13:21  Baneling  
  154  13:22  Baneling x6  
  154  13:23  Baneling x4  
  154  13:30  Hive  
  154  13:47  Zergling x4  
  154  13:48  Zergling x12  
  160  13:49  Zergling x4  
  160  13:50  Zergling x2  
  160  13:51  Zergling x20  
  142  14:31  Zergling x2  
  142  14:32  Corruptor x5  
  142  14:33  Corruptor x7  
  153  14:47  Corruptor x3  
  153  14:48  Corruptor x5  
  155  14:58  Overlord, Corruptor x5  
  155  14:59  Corruptor  
  162  15:09  Greater Spire  
  162  15:20  Corruptor x2  
  162  15:21  Corruptor x2  
  166  15:23  Zergling x12  
  176  15:33  Corruptor  
  178  15:42  Corruptor x2  
  177  15:50  Corruptor  
  177  16:13  Hatchery, Zergling x24  
  177  16:16  Hatchery  
  187  16:27  Brood Lord x2  
  187  16:29  Overlord x3  
  187  16:30  Overlord  
  191  16:39  Overlord x2  
  179  16:51  Brood Lord  
  179  16:52  Brood Lord x3  
  181  17:02  Spine Crawler x2  
  181  17:03  Spine Crawler  
  181  17:04  Spine Crawler  
  159  17:24  Overseer x3  
  159  17:25  Overseer  
  159  17:29  Brood Lord  
  165  17:30  Brood Lord x2  
  165  17:31  Zergling x2  
  165  17:32  Zergling x30  
  181  17:40  Drone x2  
  183  17:49  Brood Lord x2  
  183  17:51  Corruptor  
  187  17:58  Spine Crawler  
  187  17:59  Spine Crawler  
  187  18:00  Spine Crawler  
  184  18:17  Spine Crawler  
  184  18:19  Spore Crawler  
  182  18:21  Spore Crawler  
  172  18:30  Corruptor x3  
  118  20:03  Spine Crawler  
  118  20:04  Spine Crawler  
  118  20:05  Spine Crawler  
  118  20:06  Spine Crawler  
  102  20:07  Spine Crawler  
  102  20:08  Spine Crawler  
  102  20:09  Spine Crawler x2  
  96  20:21  Drone x3  
  96  20:24  Spine Crawler  
  96  20:26  Spine Crawler  
Show
View Real Time Build Order
Export as new Build Order

StaticShock Zerg - Winner!

Build Orders: Pool First 

Get SALT Encoding   

  12  0:00  Drone  
  13  0:12  Overlord  
  13  0:17  Drone  
  14  0:30  Drone x2  
  16  0:41  Spawning Pool  
  15  0:44  Drone  
  16  1:07  Hatchery  
  15  1:20  Drone x3  
  15  1:22  Extractor  
  17  1:36  Drone  
  18  1:52  Queen  
  20  2:16  Drone x2  
  20  2:17  Overlord  
  20  2:22  Metabolic Boost  
  22  2:23  Queen  
  22  2:28  Queen  
  26  2:36  Drone x2  
  28  2:38  Drone  
  28  2:39  Drone  
  30  2:53  Overlord  
  30  2:59  Queen  
  30  3:00  Drone  
  30  3:01  Drone  
  34  3:17  Drone x3  
  34  3:18  Drone  
  38  3:24  Extractor  
  37  3:28  Roach Warren  
  37  3:32  Drone x3  
  39  3:34  Drone  
  40  3:42  Pneumatized Carapace  
  40  3:51  Drone x3  
  40  3:53  Hatchery  
  42  4:01  Drone x2  
  44  4:28  Overlord  
  44  4:30  Overlord  
  44  4:45  Queen x2  
  50  4:53  Roach x2  
  50  4:54  Roach x4  
  50  4:58  Evolution Chamber  
  50  4:59  Evolution Chamber, Overlord  
  58  5:00  Overlord  
  58  5:02  Overlord  
  58  5:03  Overlord  
  58  5:11  Drone  
  58  5:12  Drone x7  
  66  5:31  Queen x2  
  66  5:33  Roach x3  
  76  5:49  Zerg Missile Weapons Level 1, Zerg Ground Armor Level 1  
  68  5:52  Drone x6  
  74  5:58  Lair  
  74  6:01  Drone x2  
  74  6:12  Spore Crawler  
  74  6:13  Spore Crawler  
  74  6:15  Spore Crawler  
  71  6:24  Queen  
  69  6:36  Queen  
  67  6:45  Drone x4  
  67  6:46  Drone x2  
  71  6:49  Drone  
  71  6:50  Drone x2  
  71  6:51  Drone  
  71  6:52  Drone x2, Extractor  
  71  6:53  Extractor  
  76  6:54  Drone x4  
  76  6:55  Drone x2  
  81  7:08  Drone x4  
  80  7:09  Drone  
  82  7:21  Hydralisk Den  
  81  7:24  Spore Crawler  
  81  7:26  Drone x2  
  81  7:27  Overlord  
  81  7:28  Overlord  
  80  7:47  Roach x6  
  80  7:48  Overlord x2, Roach x3  
  80  7:49  Overlord x3  
  80  7:50  Spore Crawler  
  97  7:54  Muscular Augments  
  97  7:58  Zerg Ground Armor Level 2, Zerg Missile Weapons Level 2  
  97  8:07  Glial Reconstitution  
  97  8:14  Hydralisk x5  
  97  8:17  Hydralisk  
  109  8:21  Drone x3  
  109  8:22  Drone  
  109  8:23  Drone  
  114  8:29  Extractor x2  
  112  8:35  Spore Crawler  
  112  8:37  Hydralisk x3  
  113  8:51  Hydralisk x5  
  113  8:53  Queen  
  125  9:01  Spore Crawler  
  124  9:06  Grooved Spines, Spore Crawler  
  123  9:15  Burrow  
  123  9:37  Hydralisk x4  
  123  9:38  Hydralisk x3  
  133  9:40  Hatchery, Overlord  
  133  9:41  Overlord x2  
  135  10:06  Drone x3  
  138  10:08  Drone x3  
  141  10:16  Drone  
  141  10:17  Drone x3  
  145  10:22  Spore Crawler  
  144  10:30  Hydralisk x3  
  144  10:31  Hydralisk x5  
  160  10:40  Infestation Pit  
  101  10:58  Hydralisk x12  
  101  10:59  Hydralisk x2  
  109  11:30  Roach x7  
  109  11:31  Roach x7  
  137  11:39  Lurker Den  
  136  11:51  Roach  
  136  11:52  Roach x6  
  116  12:21  Drone  
  115  12:25  Roach  
  115  12:26  Roach x12  
  141  12:34  Hatchery, Queen  
  142  13:01  Hive  
  142  13:02  Pathogen Glands  
  142  13:05  Hydralisk  
  142  13:06  Hydralisk x6  
  142  13:07  Roach x3  
  142  13:09  Overlord x2  
  142  13:10  Overlord x2  
  162  13:37  Hydralisk  
  162  13:38  Hydralisk x5, Roach  
  162  13:39  Roach x3  
  182  13:46  Hatchery  
  179  14:21  Drone x7  
  179  14:22  Drone x2, Queen  
  179  14:23  Overlord x2  
  190  14:29  Zerg Missile Weapons Level 3  
  190  14:30  Zerg Ground Armor Level 3  
  190  14:37  Roach x6  
  170  14:57  Queen  
  170  15:09  Spore Crawler x2  
  170  15:11  Spore Crawler  
  170  15:12  Drone x12, Spore Crawler  
  170  15:13  Spore Crawler  
  177  15:14  Overlord x3  
  177  15:26  Overseer  
  177  15:28  Overseer  
  177  15:30  Infestor  
  177  15:31  Infestor x5  
  189  15:37  Drone x2  
  191  15:43  Extractor  
  191  15:45  Extractor  
  189  16:06  Hatchery  
  189  16:08  Ultralisk Cavern, Queen  
  189  16:15  Adaptive Talons  
  129  17:17  Hydralisk x2  
  129  17:18  Hydralisk x7, Roach x5  
  129  17:19  Hydralisk x5, Roach x6  
  129  17:20  Roach x3  
  177  17:32  Zergling x2  
  177  17:33  Zergling x24  
  177  17:35  Adrenal Glands  
  190  17:39  Chitinous Plating  
  190  17:43  Zerg Melee Weapons Level 1  
  182  18:18  Ultralisk x2  
  194  18:20  Overlord x4  
  194  18:23  Hatchery, Zergling x10  
  195  18:31  Overseer x3  
  195  18:32  Overseer  
  180  19:25  Roach  
  180  19:26  Roach x9  
  180  19:27  Anabolic Synthesis  
  196  19:37  Queen  
  190  19:46  Extractor  
  190  19:48  Extractor  
  188  19:54  Hydralisk x2  
  188  19:55  Hydralisk x5  
  159  20:36  Hydralisk x2  
  159  20:37  Hydralisk x7, Roach x2  
  159  20:38  Hydralisk x2  
  150  21:14  Overlord x3  
  150  21:15  Overlord x3  
  124  21:45  Drone x2  
  124  21:46  Drone x6  
  114  22:33  Roach x18  
  108  23:05  Spawning Pool  
  103  24:14  Lair  
  100  24:33  Drone  
  100  24:34  Drone x4  
Show
View Real Time Build Order
Export as new Build Order

qqq Zerg 

Build Orders: Hatch First 

Get SALT Encoding   

  12  0:00  Drone  
  13  0:13  Drone  
  14  0:18  Overlord  
  14  0:46  Hatchery  
  13  0:50  Drone  
  13  0:52  Drone  
  15  1:13  Extractor, Spawning Pool  
  13  1:19  Drone  
  13  1:20  Drone  
  15  1:28  Drone  
  16  1:36  Drone  
  17  1:48  Drone  
  18  2:03  Queen  
  18  2:06  Drone  
  20  2:08  Drone  
  20  2:11  Drone  
  22  2:16  Drone  
  23  2:23  Metabolic Boost  
  23  2:27  Zergling x2  
  24  2:31  Zergling x2  
  24  2:33  Drone  
  28  2:44  Overlord  
  28  2:57  Overlord  
  28  3:00  Queen  
  28  3:01  Lair  
  28  3:03  Drone x2  
  28  3:04  Drone  
  31  3:11  Zergling x2  
  31  3:12  Zergling x2  
  33  3:17  Drone  
  33  3:18  Drone x2  
  36  3:21  Extractor  
  36  3:22  Drone  
  36  3:24  Drone  
  37  3:33  Zergling x2  
  39  3:34  Drone  
  39  3:38  Drone  
  40  3:45  Overlord  
  40  3:47  Drone  
  41  3:52  Zergling x4, Overlord  
  43  4:03  Spire  
  43  4:04  Drone  
  43  4:09  Zergling x2  
  44  4:10  Drone x2  
  44  4:15  Extractor  
  44  4:16  Extractor  
  44  4:23  Drone x4  
  48  4:25  Overlord  
  48  4:28  Drone  
  49  4:36  Overlord  
  49  4:37  Overlord  
  49  4:38  Drone  
  50  4:45  Drone  
  51  4:48  Drone  
  51  4:51  Drone  
  53  4:59  Hatchery  
  52  5:03  Drone x3  
  55  5:16  Mutalisk x3  
  55  5:19  Mutalisk  
  60  5:29  Mutalisk  
  60  5:30  Mutalisk x2  
  60  5:31  Drone  
  62  5:41  Mutalisk  
  64  5:45  Zerg Flyer Weapons Level 1  
  64  5:56  Drone  
  65  5:58  Mutalisk  
  65  5:59  Overlord  
  65  6:02  Overlord  
  65  6:04  Drone  
  68  6:09  Mutalisk  
  68  6:10  Hatchery, Mutalisk  
  71  6:16  Drone  
  72  6:27  Mutalisk  
  72  6:29  Zergling x10  
  72  6:30  Drone  
  78  6:45  Drone x2  
  78  6:46  Mutalisk x2  
  75  7:24  Drone x3  
  75  7:25  Mutalisk x5  
  86  7:30  Drone  
  86  7:31  Queen  
  86  7:36  Mutalisk  
  91  7:49  Mutalisk  
  93  7:55  Drone x4  
  93  7:56  Drone, Infestation Pit  
  93  7:57  Extractor  
  93  7:58  Extractor  
  95  8:05  Hatchery  
  94  8:15  Mutalisk x2  
  94  8:16  Hatchery  
  94  8:17  Drone x3  
  96  8:38  Mutalisk x3  
  96  8:39  Drone x3  
  96  8:40  Drone x2  
  101  8:50  Drone  
  101  8:52  Zergling x12  
  108  8:56  Baneling Nest  
  108  8:58  Hive  
  105  9:11  Drone x4  
  109  9:20  Zergling x4  
  109  9:22  Drone x2, Spine Crawler  
  109  9:23  Zerg Flyer Armor Level 1  
  112  9:24  Spine Crawler x2  
  112  9:26  Spine Crawler  
  109  9:32  Drone x2  
  109  9:33  Drone x3  
  109  9:36  Spine Crawler  
  109  9:38  Spine Crawler  
  112  9:41  Mutalisk x4  
  112  9:43  Drone x4  
  122  9:53  Overlord  
  122  9:54  Overlord x7  
  122  10:01  Centrifical Hooks  
  122  10:05  Baneling x7  
  122  10:06  Baneling x5  
  122  10:07  Overlord  
  122  10:08  Overlord  
  122  10:12  Drone  
  122  10:13  Drone x8  
  122  10:14  Drone x3  
  134  10:17  Extractor x2  
  134  10:21  Corruptor x2  
  132  10:27  Drone x4  
  140  10:28  Zergling x4  
  112  10:58  Mutalisk x4  
  112  10:59  Zergling x6  
  112  11:00  Drone  
  112  11:01  Drone x8  
  112  11:02  Drone  
  112  11:03  Spore Crawler  
  132  11:04  Spine Crawler  
  132  11:05  Spine Crawler  
  132  11:07  Spine Crawler  
  132  11:11  Zergling x10  
  131  11:12  Drone x4  
  131  11:14  Baneling x4  
  138  11:27  Viper x2  
  143  11:34  Spine Crawler  
  140  11:40  Baneling  
  140  11:41  Baneling x15  
  140  11:42  Zergling x2  
  140  11:43  Zergling x10  
  146  11:51  Drone x8  
  146  11:52  Drone x3  
  137  12:25  Corruptor x4  
  137  12:26  Mutalisk x3  
  137  12:28  Overlord x2  
  137  12:29  Overlord x2  
  149  12:30  Drone x6  
  155  12:41  Zerg Flyer Weapons Level 2  
  155  12:43  Evolution Chamber x2  
  152  12:47  Extractor, Spine Crawler  
  152  12:48  Drone x2, Extractor  
  150  12:51  Baneling x3  
  150  12:52  Baneling x4  
  150  12:53  Drone x2  
  152  13:09  Viper x2  
  152  13:11  Corruptor  
  160  13:16  Spore Crawler  
  160  13:17  Spore Crawler  
  160  13:18  Hatchery  
  157  13:21  Spore Crawler  
  156  13:27  Spore Crawler  
  156  13:29  Spore Crawler  
  156  13:30  Spore Crawler  
  156  13:31  Spore Crawler  
  156  13:34  Spore Crawler, Corruptor x2  
  152  13:35  Mutalisk x3  
  152  13:37  Drone x6  
  152  13:38  Zergling x2  
  168  13:42  Zerg Ground Armor Level 1  
  168  13:44  Zerg Melee Weapons Level 1  
  168  13:53  Spore Crawler  
  167  13:55  Spore Crawler  
  167  14:01  Corruptor x4  
  151  14:43  Mutalisk  
  151  14:44  Mutalisk x2, Corruptor x4  
  151  14:45  Zergling x4  
  157  14:46  Zergling x6  
  154  15:06  Hatchery  
  153  15:07  Baneling x2  
  153  15:08  Baneling x8  
  153  15:11  Greater Spire  
  153  15:14  Spire  
  152  15:23  Hatchery  
  152  15:24  Mutalisk x4  
  152  15:26  Drone x4  
  152  15:27  Zergling x2  
  152  15:28  Zergling x6  
  149  15:54  Zergling x2  
  149  15:55  Zergling x14  
  143  16:05  Zerg Ground Armor Level 2  
  143  16:06  Zerg Melee Weapons Level 2  
  143  16:12  Ultralisk Cavern  
  143  16:13  Zergling x4  
  143  16:14  Zergling x12  
  143  16:17  Baneling x5  
  143  16:18  Baneling x14  
  150  16:19  Baneling  
  150  16:21  Zergling x4, Overlord  
  152  16:26  Zergling x2  
  153  16:53  Zergling x24  
  120  17:22  Ultralisk x5  
  147  17:25  Anabolic Synthesis  
  147  17:27  Drone x3  
  150  17:44  Hatchery  
  149  17:47  Spine Crawler  
  123  18:15  Chitinous Plating  
  123  18:22  Zerg Ground Armor Level 3  
  123  18:23  Zerg Melee Weapons Level 3  
  123  18:27  Ultralisk x2  
  135  18:28  Zergling x14  
  135  18:29  Zergling x6  
  145  18:53  Zergling x8, Ultralisk  
  145  18:54  Zergling x6  
  146  19:12  Zergling x12, Ultralisk  
  146  19:13  Zergling x2  
  146  19:15  Drone x2  
  155  19:18  Extractor x2  
  153  19:27  Hatchery  
  148  19:34  Zergling x4, Ultralisk  
  148  19:35  Zergling x10  
  148  19:36  Drone x2  
  158  19:53  Hydralisk Den  
  133  20:31  Zergling x2, Ultralisk x3  
  133  20:32  Zergling x10  
  151  20:40  Spine Crawler  
  146  20:44  Spine Crawler x2  
  146  20:45  Spine Crawler  
  143  20:51  Zergling x4  
  143  20:56  Hatchery  
  142  21:05  Hatchery  
  128  21:12  Hatchery  
  90  21:42  Extractor  
  90  21:43  Extractor  
  33  22:18  Hydralisk x2  
  33  22:19  Hydralisk  
  33  22:20  Lurker Den  
  38  22:28  Hatchery  
  37  22:32  Hydralisk  
  37  22:34  Hydralisk x2  
  37  22:35  Hydralisk  
  33  22:38  Drone x2  
  21  23:14  Extractor  
  21  23:16  Extractor  
  21  23:18  Lurker x3  
  22  23:21  Drone x3  
  20  24:10  Spawning Pool  
  16  24:43  Drone  
  16  24:44  Drone x2  
  19  25:00  Hatchery  
Show
View Real Time Build Order
Export as new Build Order

Massa Terran 

Build Orders:  

Get SALT Encoding   

  12  0:00  SCV  
  13  0:12  SCV  
  14  0:18  Supply Depot  
  14  0:24  SCV  
  15  0:40  SCV  
  16  0:43  Barracks  
  16  0:50  Refinery  
  16  0:52  SCV  
  17  1:17  SCV  
  18  1:20  Barracks  
  18  1:21  Barracks  
  18  1:29  SCV  
  19  1:36  Barracks Tech Lab  
  19  1:41  Supply Depot  
  19  1:46  Orbital Command  
  19  1:56  Marine  
  20  2:09  Factory, Marine  
  20  2:10  Marine  
  20  2:13  SCV  
  23  2:17  Marine  
  24  2:42  Barracks Reactor  
  24  2:57  Command Center  
  24  3:04  Barracks Tech Lab  
  26  3:05  Hellion  
  26  3:08  Infernal Pre-Igniter  
  26  3:12  Marine  
  27  3:25  Supply Depot  
  27  3:29  Refinery  
  27  3:30  SCV, Engineering Bay  
  27  3:34  Hellion  
  30  3:38  Marine  
  31  3:46  SCV, Marine  
  33  3:49  Factory  
  33  3:55  Hellion  
  35  4:00  Missile Turret  
  35  4:16  Hellion  
  37  4:39  Orbital Command  
  37  4:41  SCV  
  37  4:45  Missile Turret  
  38  4:47  Hellion x2  
  38  4:49  Hellion  
  44  4:53  SCV  
  44  4:58  Stimpack  
  45  5:05  SCV  
  46  5:08  Hellion  
  48  5:17  SCV  
  47  5:29  SCV  
  48  5:38  Hellion x3  
  46  5:59  SCV, Hellion x2, Siege Tank  
  54  6:06  Terran Infantry Weapons Level 1  
  54  6:07  Supply Depot  
  54  6:08  Supply Depot  
  54  6:11  Supply Depot x2  
  54  6:29  SCV x2, Hellion x2  
  60  6:41  SCV x2  
  60  6:46  Hellion  
  64  6:47  Marine  
  64  6:48  Marauder, Marine  
  64  6:50  Hellion  
  64  6:53  SCV  
  71  6:54  Starport  
  71  7:05  Marine x2  
  71  7:09  Marauder  
  65  7:23  Marine  
  64  7:52  Hellion x3  
  62  8:23  Siege Tank  
  62  8:24  Marauder  
  62  8:25  Combat Shield  
  62  8:27  Barracks Tech Lab  
  63  8:28  SCV x2  
  63  8:33  Starport Reactor  
  65  8:36  Armory  
  65  8:37  Terran Infantry Armor Level 1  
  65  8:40  SCV  
  65  8:41  SCV  
  67  8:42  Engineering Bay  
  67  8:44  Command Center  
  67  8:46  Marauder, Supply Depot  
  67  8:48  Supply Depot  
  69  8:49  Missile Turret  
  69  8:50  Widow Mine x2  
  69  8:52  SCV  
  69  8:55  Siege Tank  
  77  8:57  Marauder, Marine  
  80  9:07  Marauder  
  80  9:09  Supply Depot  
  82  9:12  Widow Mine x2, Supply Depot  
  86  9:32  Drilling Claws  
  86  9:33  Supply Depot  
  86  9:34  Marauder x2, Marine  
  86  9:37  Refinery  
  91  9:39  Refinery  
  91  9:42  Barracks  
  91  9:47  Barracks  
  91  9:52  Marine  
  92  9:53  SCV x2  
  92  9:55  Marine x2  
  92  9:57  Planetary Fortress  
  96  10:05  SCV x2  
  98  10:10  Marine  
  98  10:13  Marauder x2  
  103  10:15  Terran Infantry Weapons Level 2  
  103  10:17  SCV x2  
  105  10:24  Terran Vehicle And Ship Armor Level 1, Medivac  
  105  10:27  Marine  
  108  10:29  SCV  
  103  10:50  Smart Servos  
  93  11:02  Medivac x2  
  95  11:10  Marauder, Marine  
  95  11:11  Marauder, Marine  
  101  11:28  Marine  
  101  11:32  Marauder x2, Medivac  
  108  11:34  Marine  
  108  11:36  Barracks Reactor  
  109  11:41  Medivac  
  111  11:53  Marauder x2  
  115  11:56  Siege Tank  
  115  11:57  Widow Mine  
  115  11:58  Marine  
  115  11:59  Marine  
  99  12:14  Marine  
  99  12:15  Marauder  
  83  12:16  Marine x2  
  83  12:18  SCV x3  
  83  12:20  Marine x2  
  80  12:23  Widow Mine x2  
  80  12:28  Widow Mine  
  84  12:30  Refinery, SCV x2  
  84  12:31  Refinery  
  84  12:32  Marine  
  84  12:34  Marine x2  
  84  12:35  Marine, Concussive Shells  
  90  12:38  Marine x2  
  90  12:40  Command Center  
  92  12:44  Widow Mine x2  
  92  12:50  Marine, Siege Tank  
  100  12:52  Marine x2  
  100  12:54  Marauder  
  100  12:55  Marine  
  100  12:56  Marine  
  104  13:08  Marauder  
  104  13:10  Widow Mine x2, Marine  
  112  13:13  Marine  
  112  13:14  Marine  
  112  13:15  Marauder  
  115  13:22  Siege Tank  
  118  13:28  Marine  
  118  13:30  Marauder  
  118  13:31  Widow Mine, Marine  
  118  13:32  Marine  
  125  13:40  SCV x3  
  128  13:52  Barracks Reactor, SCV x3  
  131  14:03  Sensor Tower  
  131  14:04  SCV x3  
  134  14:16  SCV  
  135  14:22  Siege Tank  
  135  14:23  Widow Mine x2  
  112  14:54  Siege Tank  
  112  14:55  Marauder x2  
  112  14:56  Barracks Reactor  
  112  14:57  Marine x4  
  112  14:59  Planetary Fortress  
  100  15:01  SCV x3  
  103  15:10  Widow Mine x2  
  103  15:13  SCV x3  
  110  15:14  Marine  
  110  15:15  Marine x3  
  110  15:16  Marauder x2  
  118  15:25  SCV x3  
  118  15:26  Factory, Siege Tank  
  124  15:28  Refinery  
  124  15:32  Widow Mine, Marine  
  124  15:33  Refinery  
  127  15:36  Command Center  
  127  15:37  Terran Infantry Armor Level 2, SCV, Terran Infantry Weapons Level 3  
  127  15:38  Terran Vehicle And Ship Armor Level 2, Marauder  
  130  15:44  Marauder, Marine x2  
  130  15:45  Marine x3  
  130  15:47  Widow Mine  
  139  15:59  Marauder  
  141  16:37  Marauder x2, Marine x5  
  141  16:38  Marine  
  151  16:40  Widow Mine, Siege Tank  
  151  16:41  Factory Tech Lab  
  156  16:55  Marine x6  
  156  16:58  Marauder x2  
  164  17:12  Siege Tank  
  122  17:24  Siege Tank  
  122  17:25  Widow Mine x2  
  122  17:26  Marauder x2, Marine  
  122  17:27  Marine x5  
  131  17:44  Siege Tank  
  131  17:47  Widow Mine x2  
  131  17:48  Marauder x2  
  136  17:56  Siege Tank  
  136  17:57  Medivac x2  
  141  18:09  Marauder  
  140  18:27  Medivac x2  
  123  18:57  Viking x2  
  121  19:13  Thor  
  121  19:14  Widow Mine x2  
  115  19:27  Viking x2  
  112  19:38  Marine x5  
  114  19:39  Marauder  
  98  19:56  Marine x4  
  98  19:57  Viking  
  102  20:09  Medivac  
  81  20:27  Medivac  
  71  20:40  Medivac  
  73  20:57  Medivac  
  75  21:08  Command Center  
  75  21:10  Command Center  
  51  21:21  Barracks  
  51  21:23  SCV  
  50  21:35  SCV  
  50  21:37  Marine  
  50  21:38  Marine  
  53  21:45  Factory  
  53  21:47  SCV  
  54  21:55  Marine x2, Viking x2  
  55  22:25  Viking x2  
  55  22:31  SCV x2  
  55  22:37  Supply Depot  
  54  22:38  Supply Depot  
  54  22:43  SCV  
  54  22:44  SCV  
  54  22:45  Refinery  
  54  22:50  Orbital Command  
  49  22:54  Viking  
  49  22:55  SCV, Viking  
  49  22:56  SCV  
  53  23:02  Supply Depot x2  
  53  23:03  Marine  
  53  23:04  Refinery  
  54  23:08  SCV x2  
  54  23:11  Barracks  
  54  23:12  Barracks  
  56  23:20  SCV x2  
  56  23:21  Marine  
  56  23:23  SCV  
  58  23:32  SCV x2  
  60  23:36  SCV  
  60  23:38  Starport  
  60  23:39  Marine  
  62  23:43  Starport  
  62  23:44  SCV  
  63  23:53  Orbital Command  
  63  23:56  Orbital Command  
  63  23:57  Marine  
  63  24:00  Marine x2  
  66  24:09  Factory x2  
  66  24:15  Marine  
  67  24:18  Marine x2  
  67  24:19  SCV x2  
  71  24:32  Marine  
  71  24:34  Refinery  
  71  24:36  Marine x2  
  74  24:42  Refinery  
  72  24:50  Marine  
  70  24:53  Marine x2  
Tags
 
Add a new tag
Caveats
  • Supply blocks, unpowered buildings, or Contaminate may cause inaccurate times.
  • Supply counts are checked every 10 seconds.